 Dungeon Crawl Stone Soup version 0.23-a0-819-g6debee6 (webtiles) character file.

2276 MalarOregon the Magician (level 9, 0/54 HPs)
             Began as a Merfolk Wizard on Jan 22, 2019.
             Was a Believer of Hepliaklqana.
             Slain by an orc warrior
             ... wielding a +0 halberd
              (19 damage)
             ... on level 7 of the Dungeon.
             The game lasted 00:24:51 (8801 turns).

MalarOregon the Magician (Merfolk Wizard)           Turns: 8801, Time: 00:24:51

Health: 0/54       AC:  7    Str:  7    XL:     9   Next: 39%
Magic:  20/20      EV: 14    Int: 21    God:    Hepliaklqana [**....]
Gold:   99         SH:  7    Dex: 19    Spells: 15/23 levels left

rFire    + . .     SeeInvis .   o - +5 rapier of Extinguishment {venom, -Tele rElec Dex+7}
rCold    . . .     Gourm    .   u - +2 buckler
rNeg     . . .     Faith    .   v - +0 robe {rF+}
rPois    .         Spirit   .   s - +1 helmet
rElec    +         Reflect  .   n - +0 cloak
rCorr    .         Harm     .   c - +0 pair of gloves
MR       .....     NoTele   +   b - +0 pair of boots
Stlth    ++........             (no amulet)
HPRegen  0.18/turn              (no ring)
MPRegen  0.17/turn              (no ring)

@: no status effects
A: change form in water, swift swim, stealthy swim, reduced essence
a: Recall Ancestor, Ancestor Identity, Renounce Religion


You were on level 7 of the Dungeon.
You worshipped Hepliaklqana.
Hepliaklqana was pleased with you.
You were not hungry.

You visited 2 branches of the dungeon, and saw 8 of its levels.

You collected 260 gold pieces.
You spent 161 gold pieces at shops.

Inventory:

Hand Weapons
 o - the +5 rapier of Extinguishment (weapon) {venom, -Tele rElec Dex+7}
   (You took it off a gnoll on level 4 of the Dungeon)

   It poisons the flesh of those it strikes.
   It affects your dexterity (+7).
   It insulates you from electricity.
   It prevents most forms of teleportation.
Armour
 b - a +0 pair of boots (worn)
   (You found it on level 6 of the Dungeon)
 c - a +0 pair of gloves (worn)
   (You found it on level 1 of the Dungeon)
 n - a +0 cloak (worn)
   (You found it on level 2 of the Dungeon)
 s - a +1 helmet (worn)
   (You took it off Robin on level 4 of the Dungeon)
 u - a +2 buckler (worn)
   (You found it on level 6 of the Dungeon)
 v - a +0 robe of fire resistance (worn)
   (You took it off a wight on level 7 of the Dungeon)
Wands
 q - a wand of scattershot (5)
   (You took it off a gnoll on level 4 of the Dungeon)
 x - a wand of acid (6)
   (You found it on level 7 of the Dungeon)
Scrolls
 d - a scroll of remove curse {@r2}
 g - a scroll of immolation {!r}
 h - 4 scrolls of teleportation {@r4}
 j - a scroll of blinking
 m - 2 scrolls of amnesia
Potions
 a - a potion of magic
 f - a potion of berserk rage {unknown}
 i - 4 potions of heal wounds {@q2}
 k - 2 potions of cancellation
 l - a potion of mutation {unknown}
 p - a potion of might {unknown}
 r - 2 potions of ambrosia
 t - a potion of brilliance
Comestibles
 e - 8 rations {!d}
 w - a chunk of flesh


   Skills:
 + Level 2.1 Fighting
 + Level 1.2 Armour
 + Level 3.8 Dodging
 - Level 2.1 Stealth
 * Level 2.6 Shields
 * Level 7.9 Spellcasting
 - Level 2.0 Conjurations
 + Level 5.3 Summonings
 - Level 2.0 Translocations
 - Level 2.1 Air Magic
 - Level 3.0 Poison Magic
 + Level 1.8 Evocations


You had 15 spell levels left.
You knew the following spells:

 Your Spells              Type           Power        Failure   Level  Hunger
a - Magic Dart            Conj           ###.         4%          1    None
b - Blink                 Tloc           N/A          6%          2    None
f - Mephitic Cloud        Conj/Pois/Air  ###.....     11%         3    None
x - Call Imp              Summ           ####....     1%          2    None

Your spell library contained the following spells:

 Spells                   Type           Power        Failure   Level  Hunger
 Slow                     Hex            #.......     14%         2    None
 Conjure Flame            Conj/Fire      ##......     19%         3    None


Dungeon Overview and Level Annotations

Branches:
Dungeon (7/15)             Temple (1/1) D:4

Altars:
Ashenzari
Cheibriados
Dithmenos
Elyvilon
Gozag
Hepliaklqana
Kikubaaqudgha
Makhleb
Okawaru
Qazlal
Ru
Sif Muna
Trog
Uskayaw
Vehumet
Wu Jian
Xom
Yredelemnul
Zin
The Shining One

Shops:
D:6 %?


Message History

You hit the iguana.
The iguana is poisoned.
Simosihle hits the iguana with a +0 flail.
You block the iguana's attack. x2
You closely miss the iguana.
Simosihle misses the iguana.
The iguana barely misses you.
You barely miss the iguana.
You kill the iguana!
No target in view!
Found 18 arrows.
You see here 18 arrows.
You butcher the leopard gecko corpse.
w - 2 chunks of flesh You see here a leopard gecko skeleton. x2
You swap places.
An iguana comes into view.
Found 7 arrows and a short sword.
The iguana hisses angrily.
The iguana closely misses you.
You barely miss the iguana. The iguana bites you.
You hit the iguana.
The iguana is poisoned.
The iguana barely misses you.
Simosihle closely misses the iguana.
You puncture the iguana!
The iguana looks as sick as possible!
The iguana barely misses you.
Simosihle hits the iguana but does no damage.
The iguana bites you.
You barely miss the iguana.
You kill the iguana!
Your life force feels restored.
No target in view!
Eating one of 2 chunks of flesh.
You eat one of the 2 chunks of flesh.
You open the door.
An orc, an orc warrior and an orc priest come into view.
Found a radiant altar of Vehumet.
There are monsters nearby!
There are monsters nearby!
An orc and an orc priest come into view.
There is an open door here.
The orc shouts!
The orc priest shouts!
The orc shouts!
You block the orc priest's attack. The orc hits you with a +0 flail.
You barely miss the orc priest.
The orc warrior hits you from afar with a +0 halberd!
The orc priest hits you with a +0 hand axe.
The orc priest hits Simosihle but does no damage.
You block the orc's attack.
Simosihle hits the orc priest with a +0 flail.
You barely miss the orc priest.
The orc priest hits you with a +0 flail!
* * * LOW HITPOINT WARNING * * *
The orc warrior hits you from afar with a +0 halberd!!
You die...

####### .. #≈≈≈≈≈# #..
# #≈⌠ooR### #..# ##
#≈.oo@'.# ####...##.
#≈⌠.o≈#.# ###.##...##.
#≈≈≈≈≈#.###...###.....
#######........##.....
..............##.....
#....................[
#..####..............[
#..# #................
#..# #........##......


You could see the friendly Simosihle the knight, an orc warrior, 2 orc priests
and 2 orcs.

Vanquished Creatures
  Grinder (D:6)
  Eustachio (D:6)
  A slave (D:3)
  An ogre (D:3)
  A phantom (D:4)
  A centaur (D:4)
  A crocodile (D:7)
  Blork the orc (D:6)
  A bullfrog (D:7)
  A howler monkey (D:6)
  2 crimson imps
  A hound (D:6)
  2 orc wizards
  2 orc priests
  3 iguanas
  6 worker ants
  A hound skeleton (D:4)
  Robin (D:4)
  2 gnolls (D:4)
  5 adders
  2 adder skeletons
  2 worms
  2 dart slugs
  2 leopard geckos (D:3)
  5 orcs
  6 bats
  A giant cockroach (D:1)
  13 goblins
  8 hobgoblins
  4 jackals
  5 quokkas
  5 frilled lizards
  9 kobolds
  4 rats
103 creatures vanquished.

Vanquished Creatures (collateral kills)
  Pikel (D:3)
  An orc warrior (D:7)
  A slave (D:3)
  An ogre (D:7)
  3 wights (D:7)
  A crimson imp (D:5)
  A hound (D:3)
  An orc priest (D:7)
  A bullfrog skeleton (D:4)
  A bullfrog zombie (D:5)
  A gnoll shaman (D:4)
  A worker ant (D:7)
  A hound skeleton (D:6)
  A gnoll (D:1)
  An adder (D:4)
  A shadow imp (D:7)
  A worm (D:3)
  2 leopard geckos
  7 orcs
  A goblin (D:4)
  4 jackals
  A rat (D:3)
34 creatures vanquished.

Vanquished Creatures (others)
  2 slaves (D:4)
  2 gnolls (D:4)
  2 orcs (D:4)
6 creatures vanquished.

Grand Total: 143 creatures vanquished

Notes
Turn   | Place    | Note
-------+----------+-------------------------------------------
     0 | D:1      | MalarOregon the Merfolk Wizard began the quest for the Orb.
     0 | D:1      | Reached XP level 1. HP: 13/13 MP: 4/4
   141 | D:1      | Reached skill level 1 in Conjurations
   152 | D:1      | Reached XP level 2. HP: 10/19 MP: 0/6
   302 | D:1      | Learned a level 2 spell: Call Imp
   703 | D:2      | Found an ancient bone altar of Kikubaaqudgha.
   721 | D:2      | Reached XP level 3. HP: 20/24 MP: 0/8
   807 | D:2      | You fall through a shaft!
  1227 | D:2      | Found a white marble altar of Elyvilon.
  1298 | D:2      | Reached XP level 4. HP: 27/30 MP: 0/9
  1382 | D:2      | Learned a level 2 spell: Blink
  1386 | D:2      | Learned a level 3 spell: Mephitic Cloud
  1465 | D:2      | Reached skill level 4 in Spellcasting
  2424 | D:3      | Found a glowing silver altar of Zin.
  2499 | D:3      | Reached XP level 5. HP: 21/35 MP: 0/11
  2863 | D:4      | Noticed a slave
  2863 | D:4      | Noticed a slave
  2863 | D:4      | Noticed a slave
  2868 | D:4      | Noticed Pikel
  2892 | D:4      | Noticed a slave
  2926 | D:3      | Killed a slave
  3201 | D:3      | Killed a slave
  3629 | D:3      | Killed Pikel
  3629 | D:3      | Reached skill level 6 in Spellcasting
  3629 | D:3      | Reached XP level 6. HP: 13/41 MP: 3/15
  3629 | D:3      | Reached XP level 7. HP: 15/46 MP: 3/16
  3876 | D:4      | Found an ornate altar of the Wu Jian Council.
  4575 | D:4      | Reached skill level 1 in Translocations
  4689 | D:4      | Identified the +5 rapier of Extinguishment {venom, -Tele
                  | rElec Dex+7}
  4797 | D:4      | Found a staircase to the Ecumenical Temple.
  4807 | Temple   | Entered the Ecumenical Temple
  5167 | Temple   | Became a worshipper of Hepliaklqana the Forgotten
  5436 | D:4      | Noticed Robin
  5453 | D:4      | Killed Robin
  5462 | D:4      | Reached skill level 1 in Poison Magic
  5537 | D:4      | Reached XP level 8. HP: 17/46 MP: 18/18
  6004 | D:4      | Reached skill level 7 in Spellcasting
  6004 | D:4      | Reached skill level 1 in Air Magic
  6020 | D:5      | Entered Level 5 of the Dungeon
  6210 | D:5      | Found a basalt altar of Yredelemnul.
  6330 | D:5      | Reached * piety under Hepliaklqana
  6768 | D:6      | Noticed Eustachio
  6795 | D:6      | Killed Eustachio
  7217 | D:6      | Reached ** piety under Hepliaklqana
  7218 | D:6      | Remembered your ancestor Simosihle as a knight
  7233 | D:6      | Reached skill level 5 in Summonings
  7248 | D:6      | Found Vusuuw's Food Emporium.
  7314 | D:6      | Noticed Blork the orc
  7322 | D:6      | Killed Blork the orc
  7564 | D:6      | Found Kydyhyle's Magic Scroll Boutique.
  7573 | D:6      | Bought a scroll of identify for 28 gold pieces
  7573 | D:6      | Bought a scroll of identify for 28 gold pieces
  7575 | D:6      | Bought a scroll of enchant armour for 105 gold pieces
  7611 | D:6      | Noticed Grinder
  7614 | D:6      | Found a hide-covered altar of Uskayaw.
  7614 | D:6      | Found a stormy altar of Qazlal.
  7614 | D:6      | Paralysed by Grinder for 2 turns
  7617 | D:6      | Found an iron altar of Okawaru.
  7626 | D:6      | Killed Grinder
  7626 | D:6      | Reached skill level 1 in Fighting
  7626 | D:6      | Reached skill level 1 in Shields
  7626 | D:6      | Reached skill level 1 in Evocations
  7626 | D:6      | Reached XP level 9. HP: 50/53 MP: 16/20
  7628 | D:6      | Found a snail-covered altar of Cheibriados.
  7743 | D:6      | Found a burning altar of Makhleb.
  7936 | D:6      | Found Duiresir's Armour Boutique.
  8245 | D:7      | Reached skill level 1 in Armour
  8797 | D:7      | Found a radiant altar of Vehumet.
  8801 | D:7      | Slain by an orc warrior

Vault maps used:
D:1:      moated_graveyard_arrival
D:2:      old_standard_altar, kiku_gazebo_pond_becter
D:3:      zin_statuary
D:4:      nicolae_overflow_crystal_walls, temple_statues, first_ration,
          minmay_fractal_squares_diagonal_5, uniq_robin, uniq_pikel
D:5:      nicolae_overflow_hidden_temple
D:6:      minitemple, lemuel_doored_altar, serial_shops, shop, shop,
          nicolae_shop_temple_entry_statues_fountains, uniq_eustachio,
          uniq_blork_the_orc, uniq_grinder
D:7:      kennysheep_little_box, overflow_temple_1_default
Temple:   compressed_dpeg_triangle_lava_temple

Skill      XL: |  1  2  3  4  5  6  7  8  9 |
---------------+----------------------------+-----
Conjurations   | 1 2 |  2.0
Spellcasting   | 4 6 7 |  7.9
Summonings     | 2 3 4 5 |  5.3
Translocations | 1 2 |  2.0
Poison Magic   | 1 2 3 |  3.0
Air Magic      | 2 |  2.1
Dodging        | 3 |  3.8
Fighting       | 1 2 |  2.1
Shields        | 1 2 |  2.6
Evocations     | 1 |  1.8
Armour         | 1 |  1.2
Stealth        | |  2.1

Action                   |  1- 3 |  4- 6 |  7- 9 || total
-------------------------+-------+-------+-------++-------
Melee: Dagger            |    87 |   109 |    55 ||   251
       Tailslap          |     3 |       |       ||     3
       Rapier            |       |       |   157 ||   157
 Cast: Magic Dart        |    55 |    48 |    65 ||   168
       Call Imp          |     4 |    25 |    16 ||    45
       Mephitic Cloud    |       |     1 |     1 ||     2
Invok: Recall Ancestor   |       |       |     1 ||     1
       Ancestor Life: Kn |       |       |     1 ||     1
Evoke: Wand              |       |       |     1 ||     1
  Use: Scroll            |       |       |    16 ||    16
 Stab: Sleeping          |     2 |       |     1 ||     3
       Distracted        |       |     1 |     1 ||     2
       Confused          |       |     1 |       ||     1
  Eat: Chunk             |     1 |     7 |    18 ||    26
Armor: Robe              |    21 |    29 |    77 ||   127
Dodge: Dodged            |    72 |    83 |   167 ||   322
Block: Buckler           |       |       |    21 ||    21

Table legend:
 A = Non-vault XP
 B = Vault XP
 C = Vault XP percentage of total XP
 D = Non-vault monster count
 E = Vault monster count
 F = Vault count percentage of total count
                 A         B        C        D         E       F
            +---------+---------+-------+---------+---------+-------
      Total |    2079 |    1173 |  36.1 |     114 |      21 |  15.6
            +---------+---------+-------+---------+---------+-------
        D:1 |      29 |       0 |   0.0 |      14 |       0 |   0.0
        D:2 |      61 |       0 |   0.0 |      14 |       0 |   0.0
        D:3 |     188 |     511 |  73.1 |      31 |       1 |   3.1
        D:4 |     533 |      94 |  15.0 |      17 |      17 |  50.0
        D:5 |     156 |       0 |   0.0 |      10 |       0 |   0.0
        D:6 |     272 |     568 |  67.6 |       9 |       3 |  25.0
        D:7 |     840 |       0 |   0.0 |      19 |       0 |   0.0
            +---------+---------+-------+---------+---------+-------
